[Event "January 2 Late 2024"]
[Site "https://www.chess.com"]
[Date "2024.01.02"]
[Round "3"]
[White "Veljanoski, Andrej"]
[Black "Caglar, Sila"]
[Result "1-0"]
[Board "117"]
[TimeControl "180+1"]
[WhiteFideId "15003604"]
[BlackFideId "6364063"]
[WhiteElo "2621"]
[BlackElo "2420"]
[WhiteTeam "MKD"]
[BlackTeam "TUR"]
[WhiteClock "0:01:12"]
[BlackClock "0:00:00"]

1. Nf3 Nf6 2. c4 g6 3. Nc3 Bg7 4. g3 d6 5. Bg2 O-O 6. b3 e5 7. d3 c6 8. Bb2 Re8 9. e4 d5 10. exd5 cxd5 11. O-O d4 12. Ne4 Nxe4 13. dxe4 Nc6 14. Ne1 a5 15. a3 f5 16. Nd3 fxe4 17. Bxe4 Bh3 18. Re1 Qf6 19. Qd2 Rad8 20. b4 axb4 21. axb4 h5 22. b5 Ne7 23. Bxb7 h4 24. Ra6 Qf5 25. Be4 Qh5 26. b6 hxg3 27. hxg3 Bh6 28. Qe2 Bg4 29. Qf1 Bd2 30. b7 Kf7 31. f3 Bh3 32. Qf2 Bxe1 33. Nxe1 Rh8 34. Qh2 Qg5 35. Nd3 Be6 36. Qf2 Bxc4 37. f4 Qh5 38. Nxe5+ Kg7 39. Nxc4 Qd1+ 40. Qf1 1-0

[Event "January 2 Late 2024"]
[Site "https://www.chess.com"]
[Date "2024.01.02"]
[Round "3"]
[White "Rees, Ioan"]
[Black "Ehlvest, Jaan"]
[Result "0-1"]
[Board "118"]
[TimeControl "180+1"]
[WhiteFideId "1801236"]
[BlackFideId "4500016"]
[WhiteElo "2419"]
[BlackElo "2618"]
[WhiteTeam "WLS"]
[BlackTeam "USA"]
[WhiteClock "0:01:18"]
[BlackClock "0:01:03"]

1. e4 g6 2. d4 Bg7 3. Nf3 c6 4. h3 d5 5. e5 Nh6 6. Bd3 O-O 7. O-O f6 8. Re1 fxe5 9. Nxe5 Nd7 10. Nxd7 Bxd7 11. c3 Nf7 12. Nd2 e5 13. dxe5 Nxe5 14. Bf1 Qb6 15. Nb3 Qxf2+ 16. Kh1 Bxh3 17. Be3 Bxg2+ 18. Bxg2 Qh4+ 19. Kg1 Ng4 20. Bxd5+ Kh8 21. Qd2 cxd5 22. Bf4 Rxf4 23. Qxf4 Rf8 24. Qd6 Qf2+ 25. Kh1 Be5 26. Qxe5+ Nxe5 27. Rxe5 Qf3+ 0-1

[Event "January 2 Late 2024"]
[Site "https://www.chess.com"]
[Date "2024.01.02"]
[Round "3"]
[White "Poltorak, Sebastian"]
[Black "Karpov, Vadim"]
[Result "0-1"]
[Board "119"]
[TimeControl "180+1"]
[WhiteFideId "1199498"]
[BlackFideId "4155025"]
[WhiteElo "2617"]
[BlackElo "2417"]
[WhiteTeam "POL"]
[BlackTeam "RUS"]
[WhiteClock "0:00:38"]
[BlackClock "0:01:10"]

1. e4 e6 2. Nc3 d5 3. d4 dxe4 4. Nxe4 Bd7 5. Bd3 Bc6 6. c3 Nd7 7. Ne2 Ngf6 8. N2g3 Nxe4 9. Bxe4 Bxe4 10. Nxe4 Nf6 11. Qf3 Nxe4 12. Qxe4 Qd5 13. f3 Bd6 14. O-O c6 15. b3 O-O 16. c4 Qh5 17. f4 Rad8 18. Bb2 Rfe8 19. Rad1 Bc7 20. Rd3 Qg6 21. Qxg6 hxg6 22. g3 Rd7 23. Rfd1 Red8 24. Kf2 Bb6 25. Ke3 f6 26. Ke4 Kf7 27. g4 f5+ 28. Kf3 Rh8 29. Kg3 fxg4 30. R1d2 Ba5 31. Rd1 Bc7 32. R3d2 g5 33. Kxg4 Bxf4 34. Rf2 Kg6 35. Re1 e5 36. Rfe2 Rh4+ 37. Kf3 exd4 38. Re7 Rxe7 39. Rxe7 Kf5 40. Rf7+ Kg6 41. Rxb7 d3 42. Rxg7+ Kf5 43. Rd7 Rh3+ 0-1

[Event "January 2 Late 2024"]
[Site "https://www.chess.com"]
[Date "2024.01.02"]
[Round "3"]
[White "Blanco Diez, David"]
[Black "Yagupov, Igor"]
[Result "0-1"]
[Board "120"]
[TimeControl "180+1"]
[WhiteFideId "32032927"]
[BlackFideId "4113632"]
[WhiteElo "2415"]
[BlackElo "2617"]
[WhiteTeam "ESP"]
[BlackTeam "RUS"]
[WhiteClock "0:00:13"]
[BlackClock "0:01:10"]

1. d4 d5 2. Nc3 Nf6 3. Bg5 Nbd7 4. Nf3 h6 5. Bh4 e6 6. e4 g5 7. Bg3 Nxe4 8. Nxe4 dxe4 9. Ne5 Bg7 10. h4 Nxe5 11. Bxe5 Bxe5 12. dxe5 Qxd1+ 13. Rxd1 g4 14. h5 Rg8 15. Rd4 Bd7 16. Rxe4 Bc6 17. Re3 Rd8 18. Rh2 Rg5 19. Bc4 Rd4 20. Bb3 Re4 21. Rxe4 Bxe4 22. Kd2 Rxe5 23. c3 Ke7 24. Bc4 Bd5 25. Bxd5 Rxd5+ 26. Ke3 Rd1 27. Rh4 f5 28. f3 gxf3 29. gxf3 Re1+ 30. Kd3 Rf1 31. Ke3 Rg1 32. Rh2 e5 33. f4 Rg3+ 34. Kf2 exf4 35. Rh4 Rg4 36. Rh3 Ke6 37. Rd3 Rh4 38. Rd8 Rxh5 39. Rb8 Rh2+ 40. Kf3 Rxb2 41. Kxf4 b5 42. Rh8 Rxa2 43. Rxh6+ Kd5 44. Kxf5 Rf2+ 45. Kg4 Rc2 46. Rh3 Kc4 47. Rh7 c5 48. Rxa7 Rxc3 49. Kf4 Rd3 50. Ke4 Rd1 51. Ra2 Re1+ 52. Kf3 b4 53. Rh2 b3 54. Rh1 Rxh1 0-1

[Event "January 2 Late 2024"]
[Site "https://www.chess.com"]
[Date "2024.01.02"]
[Round "3"]
[White "Alvarado, Carlos"]
[Black "Titus, Andrew"]
[Result "0-1"]
[Board "121"]
[TimeControl "180+1"]
[WhiteFideId "3800555"]
[BlackFideId "2059770"]
[WhiteElo "2415"]
[BlackElo "2610"]
[WhiteTeam "PER"]
[BlackTeam "USA"]
[WhiteClock "0:00:00"]
[BlackClock "0:00:12"]

1. d4 d5 2. Nf3 Nf6 3. c4 e6 4. Nc3 Be7 5. Bf4 O-O 6. e3 Nbd7 7. c5 Nh5 8. Bd3 Nxf4 9. exf4 b6 10. b4 a5 11. a3 c6 12. O-O Qc7 13. g3 Ba6 14. Bxa6 Rxa6 15. cxb6 Qxb6 16. bxa5 Qxa5 17. Qc2 c5 18. a4 c4 19. Ng5 g6 20. Rfb1 Qc7 21. Qe2 Bf6 22. Nf3 Rfa8 23. Ne5 Nb6 24. h4 Nxa4 25. Nxa4 Rxa4 26. Rxa4 Rxa4 27. h5 c3 28. Qc2 Rxd4 29. hxg6 hxg6 30. Nxg6 Rd2 31. Qa4 fxg6 32. Qe8+ Kh7 33. Kg2 Bg7 34. Rh1+ Bh6 35. Qxe6 c2 36. f5 Qg7 37. fxg6+ Qxg6 38. Qd7+ Kg8 39. Qc8+ Bf8 40. Rc1 Qe4+ 41. Kh3 Rxf2 42. Qe8 Qxe8 0-1

[Event "January 2 Late 2024"]
[Site "https://www.chess.com"]
[Date "2024.01.02"]
[Round "3"]
[White "Mazurkiewicz, Michal"]
[Black "Luo, Terry"]
[Result "1/2-1/2"]
[Board "122"]
[TimeControl "180+1"]
[WhiteFideId "1124943"]
[BlackFideId "30931045"]
[WhiteElo "2414"]
[BlackElo "2609"]
[WhiteTeam "POL"]
[BlackTeam "USA"]
[WhiteClock "0:00:11"]
[BlackClock "0:01:03"]

1. e4 c5 2. Nf3 d6 3. g3 Nf6 4. d3 g6 5. Bg2 Bg7 6. O-O O-O 7. Re1 Nc6 8. e5 dxe5 9. Nxe5 Nxe5 10. Rxe5 Qc7 11. Bf4 Qb6 12. Nc3 Qxb2 13. Rxc5 Qa3 14. Rc7 Bg4 15. Qe1 Rac8 16. Nb5 Qa4 17. Rb1 Rxc7 18. Nxc7 Qxc2 19. Rxb7 Qxa2 20. h3 Bf5 21. Qxe7 Bxd3 22. Be5 Nh5 23. Bd5 Qa5 24. Bxf7+ Rxf7 25. Rb8+ Bf8 26. Rxf8+ Rxf8 27. Qe6+ Rf7 28. Qe8+ Rf8 29. Qe6+ Rf7 30. Qe8+ Rf8 31. Qe6+ 1/2-1/2

[Event "January 2 Late 2024"]
[Site "https://www.chess.com"]
[Date "2024.01.02"]
[Round "3"]
[White "Golubev, Mikhail"]
[Black "Filipovic, Slobodan J"]
[Result "1-0"]
[Board "123"]
[TimeControl "180+1"]
[WhiteFideId "14100983"]
[BlackFideId "939633"]
[WhiteElo "2609"]
[BlackElo "2413"]
[WhiteTeam "UKR"]
[BlackTeam "SRB"]
[WhiteClock "0:00:40"]
[BlackClock "0:00:12"]

1. e4 c5 2. Nf3 Nc6 3. Nc3 Nf6 4. Bb5 e5 5. Bxc6 dxc6 6. Nxe5 Qe7 7. d4 cxd4 8. Qxd4 Bh3 9. Nxc6 bxc6 10. gxh3 Rd8 11. Qc4 Qc5 12. Qxc5 Bxc5 13. Ke2 Bd4 14. f3 Bxc3 15. bxc3 O-O 16. Bg5 Rfe8 17. Rhd1 h6 18. Bxf6 gxf6 19. Rxd8 Rxd8 20. Rd1 Rb8 21. Rd6 Rb2 22. Kd3 Rxa2 23. Rxf6 Kg7 24. Rxc6 a5 25. Ra6 a4 26. c4 a3 27. c5 Ra1 28. c6 Rd1+ 29. Ke2 Rd6 30. c7 Rxa6 31. c8=Q a2 32. Qxa6 a1=Q 33. Qxa1+ 1-0

[Event "January 2 Late 2024"]
[Site "https://www.chess.com"]
[Date "2024.01.02"]
[Round "3"]
[White "Bristy Mukherjee"]
[Black "Coca Cubillos, Jesus Alberto"]
[Result "0-1"]
[Board "124"]
[TimeControl "180+1"]
[WhiteFideId "25077325"]
[BlackFideId "4462912"]
[WhiteElo "2411"]
[BlackElo "2607"]
[WhiteTeam "IND"]
[BlackTeam "COL"]
[WhiteClock "0:00:09"]
[BlackClock "0:00:33"]

1. d4 g6 2. h4 h6 3. h5 g5 4. e4 Bg7 5. c3 d6 6. Bd3 Nc6 7. Ne2 e5 8. Be3 Nge7 9. Nd2 O-O 10. Ng3 f5 11. exf5 Nxf5 12. Nxf5 Bxf5 13. Bxf5 Rxf5 14. Qb3+ Kh8 15. Qxb7 exd4 16. Qxc6 dxe3 17. fxe3 Qe8 18. Qxe8+ Rxe8 19. e4 d5 20. Rf1 Rfe5 21. Ke2 dxe4 22. Rf7 Rb5 23. Nc4 Rc5 24. Ne3 Rb8 25. Nd1 a5 26. Rc1 a4 27. Rc2 g4 28. Ne3 Rxh5 29. Nxg4 Rg5 30. Ne3 Rgb5 31. Nf5 Rxb2 32. Kd2 Be5 33. Nxh6 a3 34. Rf5 e3+ 35. Kd3 Rxc2 36. Kxc2 Bg7 37. Nf7+ Kg8 38. Ng5 Rb2+ 39. Kd3 Rxg2 40. Ra5 Bh6 41. Nf3 Rxa2 42. Rc5 Rf2 43. Nd4 Rd2+ 44. Kc4 e2 45. Nf3 Rd1 46. Ra5 Bf8 47. Kb3 e1=Q 48. Nxe1 Rxe1 49. Ra7 Rb1+ 50. Ka2 Rb2+ 51. Ka1 Bd6 52. c4 Rc2 53. Ra4 a2 54. c5 Be5+ 0-1

[Event "January 2 Late 2024"]
[Site "https://www.chess.com"]
[Date "2024.01.02"]
[Round "3"]
[White "Nandhakumar, Vaseegaran"]
[Black "Ambartsumova, Karina"]
[Result "0-1"]
[Board "125"]
[TimeControl "180+1"]
[WhiteFideId "30946409"]
[BlackFideId "4166299"]
[WhiteElo "2407"]
[BlackElo "2604"]
[WhiteTeam "USA"]
[BlackTeam "RUS"]
[WhiteClock "0:00:33"]
[BlackClock "0:00:39"]

1. b3 e5 2. Bb2 Nc6 3. e3 g6 4. h4 h5 5. Nf3 Bg7 6. d4 Nge7 7. dxe5 d6 8. Bb5 O-O 9. Nbd2 Nxe5 10. Nxe5 dxe5 11. Bd3 c6 12. Ne4 Qc7 13. Qe2 a5 14. a4 Nd5 15. Ng5 Nb4 16. Bc4 b5 17. Bd3 e4 18. Bxg7 exd3 19. cxd3 Kxg7 20. O-O Qe7 21. Qb2+ f6 22. Rfd1 Bg4 23. Rd2 Rfd8 24. Qc3 Qe5 25. d4 Qd5 26. e4 Qd7 27. axb5 fxg5 28. d5+ Kh7 29. bxc6 Nxc6 30. hxg5 Nb4 31. f3 Be6 32. Rad1 Bf7 33. Qf6 Ra6 34. d6 Nc6 35. Qf4 Bxb3 36. g4 Bxd1 37. gxh5 gxh5 38. g6+ Kg7 39. Rxd1 Qe6 40. Kh1 Ne5 41. Qg5 Raxd6 0-1

[Event "January 2 Late 2024"]
[Site "https://www.chess.com"]
[Date "2024.01.02"]
[Round "3"]
[White "Osinovsky, Stepan"]
[Black "Zomorrodian, Eilia"]
[Result "0-1"]
[Board "126"]
[TimeControl "180+1"]
[WhiteFideId "4157354"]
[BlackFideId "12551805"]
[WhiteElo "2406"]
[BlackElo "2586"]
[WhiteTeam "RUS"]
[BlackTeam "CAN"]
[WhiteClock "0:00:00"]
[BlackClock "0:00:24"]

1. e4 c5 2. Nf3 e6 3. d3 a6 4. Nbd2 b5 5. g3 Bb7 6. Bg2 Nf6 7. O-O d6 8. Re1 Nbd7 9. a4 Be7 10. e5 dxe5 11. Nxe5 Bxg2 12. Kxg2 Nxe5 13. Rxe5 Qc7 14. Re1 O-O 15. Qf3 b4 16. Nc4 Nd5 17. h4 Bf6 18. h5 Rfd8 19. Bd2 Rac8 20. Re4 b3 21. c3 Ne7 22. g4 Qc6 23. g5 Nf5 24. gxf6 gxf6 25. Na5 Qd5 26. Rg4+ Kf8 27. Qxd5 Rxd5 28. Nxb3 Rxd3 29. Kf1 c4 30. Ke2 Rd5 31. Nd4 Nd6 32. Bh6+ Ke7 33. Rh1 Rb8 34. Bc1 Rc8 35. Re4 f5 36. Re3 e5 37. Nf3 f6 38. Rg1 f4 39. Re4 Nxe4 40. Rg7+ Ke6 41. Rxh7 Nc5 42. Ra7 Rh8 43. h6 Rxh6 44. a5 Rh8 45. Bxf4 exf4 46. Nd4+ Kd6 0-1

[Event "January 2 Late 2024"]
[Site "https://www.chess.com"]
[Date "2024.01.02"]
[Round "3"]
[White "Andrews, Todd"]
[Black "Awoki, Daniel Teidi"]
[Result "0-1"]
[Board "127"]
[TimeControl "180+1"]
[WhiteFideId "2012456"]
[BlackFideId "2100827"]
[WhiteElo "2586"]
[BlackElo "2404"]
[WhiteTeam "USA"]
[BlackTeam "BRA"]
[WhiteClock "0:00:07"]
[BlackClock "0:00:15"]

1. d4 Nf6 2. c4 e6 3. Nc3 d5 4. cxd5 exd5 5. Bg5 Nbd7 6. e3 c6 7. Bd3 Be7 8. Qc2 O-O 9. Nge2 h6 10. Bh4 Re8 11. O-O Ne4 12. Bxe7 Qxe7 13. Rae1 Nxc3 14. Nxc3 Nf6 15. f3 c5 16. Qd2 a6 17. Kh1 cxd4 18. exd4 Be6 19. f4 Qd6 20. f5 Bd7 21. Ne2 Ng4 22. Ng3 Rxe1 23. Rxe1 Re8 24. Rxe8+ Bxe8 25. Qe2 Nf6 26. Qe5 Qc6 27. h3 Qc1+ 28. Kh2 Qxb2 29. Nh5 Bb5 30. Nxf6+ gxf6 31. Qb8+ Kg7 32. Qg3+ Kh7 33. Bxb5 Qxb5 34. Qc7 Kg7 35. Qg3+ Kf8 36. Qd6+ Kg7 37. Qg3+ Kh8 38. Qh4 Kh7 39. Qxf6 Qd7 40. h4 a5 41. g4 b5 42. g5 hxg5 43. hxg5 b4 44. g6+ fxg6 45. fxg6+ Kg8 46. Qe5 a4 47. Qg3 Kg7 48. Qe5+ Kxg6 49. Qg3+ Kf7 50. Qf4+ Ke8 51. Qe5+ Kf7 52. Qe4 dxe4 53. Kg3 Qxd4 54. Kf4 e3+ 55. Kf3 e2 56. Kxe2 Qc3 57. Kf2 b3 58. axb3 axb3 59. Ke2 b2 60. Kf2 b1=Q 61. Ke2 Qbb2+ 62. Kd1 Qcc1# 0-1

[Event "January 2 Late 2024"]
[Site "https://www.chess.com"]
[Date "2024.01.02"]
[Round "3"]
[White "Grycel, Kamil"]
[Black "Rego, Pedro Filipe"]
[Result "1-0"]
[Board "128"]
[TimeControl "180+1"]
[WhiteFideId "1115499"]
[BlackFideId "1904310"]
[WhiteElo "2585"]
[BlackElo "2404"]
[WhiteTeam "POL"]
[BlackTeam "POR"]
[WhiteClock "0:01:44"]
[BlackClock "0:00:52"]

1. d4 Nf6 2. Nf3 d5 3. Bf4 c5 4. c3 Nc6 5. e3 Qb6 6. Qb3 c4 7. Qc2 g6 8. Nbd2 Bf5 9. Qc1 Bg7 10. h3 O-O 11. Be2 Qa6 12. O-O b5 13. b4 Qb7 14. a4 a6 15. Qb2 Ne4 16. Nxe4 Bxe4 17. Ra3 f6 18. Rfa1 e5 19. Bg3 Bxf3 20. Bxf3 e4 21. Be2 Rfc8 22. Qa2 bxa4 23. Rxa4 a5 24. bxa5 Ra6 25. Rb1 Qe7 26. Bxc4 1-0

[Event "January 2 Late 2024"]
[Site "https://www.chess.com"]
[Date "2024.01.02"]
[Round "3"]
[White "Shubenkova, Veronika"]
[Black "Weinstein, Norman"]
[Result "0-1"]
[Board "129"]
[TimeControl "180+1"]
[WhiteFideId "44124040"]
[BlackFideId "2000466"]
[WhiteElo "2584"]
[BlackElo "2402"]
[WhiteTeam "RUS"]
[BlackTeam "USA"]
[WhiteClock "0:00:04"]
[BlackClock "0:00:12"]

1. d4 c5 2. e3 Nf6 3. c3 b6 4. f4 Bb7 5. Nf3 g6 6. Bd3 Bg7 7. O-O O-O 8. Bc2 d6 9. Nbd2 Nbd7 10. Qe2 e5 11. fxe5 dxe5 12. dxe5 Ng4 13. Nc4 Bxf3 14. Qxf3 Ngxe5 15. Nxe5 Nxe5 16. Qh3 Re8 17. e4 c4 18. Bf4 Qe7 19. Ba4 b5 20. Bxb5 Qc5+ 21. Be3 Qxb5 22. Bd4 Qxb2 23. Rab1 Qc2 24. Rb7 Qxe4 25. Rc7 Qd5 26. Bxe5 Bxe5 27. Rcxf7 Qxf7 28. Rxf7 Kxf7 29. Qxh7+ Bg7 30. Qh4 Rac8 31. Qf2+ Kg8 32. Qg3 Re6 33. h4 a6 34. Qh3 Rce8 35. Qg4 Re1+ 36. Kh2 R1e4 37. Qxg6 Rxh4+ 38. Kg3 Rhe4 39. Qxa6 Bxc3 40. Qg6+ Bg7 41. Qc6 c3 42. a4 Be5+ 43. Kf3 Rf4+ 44. Ke2 Rff8 45. Qc4+ Kg7 46. Qg4+ Kf6 47. Qh4+ Ke6 48. Qc4+ Kd6 49. Qb4+ Kd5 50. Qb5+ Ke4 51. Qc4+ Bd4 52. Qc6+ Ke5 53. Kd3 Rd8 54. Qe4+ Kf6 55. Qh4+ Kf7 56. Qh5+ Kg7 57. Qg5+ Kh7 58. Qh5+ Kg8 59. Qg6+ Bg7+ 60. Kc2 Rd2+ 61. Kb3 Rb8+ 62. Kc4 Rc8+ 63. Kb3 Rdd8 64. Qe6+ Kf8 65. Qf5+ Ke7 66. Qg5+ Bf6 67. Qe3+ Kf8 68. Qf4 Rc6 69. Qf3 Rdc8 70. Qh5 c2 71. Qh6+ Bg7 72. Qf4+ Kg8 73. Qe4 c1=Q 74. Qd5+ Kf8 75. Qg5 Qc2+ 76. Ka3 Qc3+ 77. Ka2 Qb2# 0-1

[Event "January 2 Late 2024"]
[Site "https://www.chess.com"]
[Date "2024.01.02"]
[Round "3"]
[White "ArchibaldCerveza29"]
[Black "Potapova, Margarita"]
[Result "1-0"]
[Board "130"]
[TimeControl "180+1"]
[BlackFideId "14126869"]
[WhiteElo "2396"]
[BlackElo "2584"]
[BlackTeam "RUS"]
[WhiteClock "0:00:06"]
[BlackClock "0:00:00"]

1. b3 d5 2. Bb2 c5 3. g3 Nf6 4. Bg2 g6 5. d3 Bg7 6. e3 O-O 7. Ne2 Nc6 8. O-O e5 9. Nd2 Be6 10. h3 Qd7 11. Kh2 b5 12. a4 a6 13. Qc1 h5 14. Nf3 Nh7 15. axb5 axb5 16. Rxa8 Rxa8 17. Rd1 d4 18. c3 Bxb3 19. Re1 Bh6 20. cxd4 cxd4 21. Qc5 Qd5 22. exd4 Ra2 23. Bc3 b4 24. Bxb4 Nxb4 25. Qxb4 Bf8 26. Qb8 Ra8 27. Qxe5 Qd8 28. Nf4 Bg7 29. Qe4 Rb8 30. Ne5 Nf6 31. Qe3 Bh6 32. Nc6 Qc7 33. Nxb8 Qxb8 34. Qe5 Qd8 35. d5 Bg7 36. Qe7 Qb6 37. d6 Qxf2 38. Qe3 Qb2 39. d4 h4 40. gxh4 Bh6 41. Rf1 Bc4 42. Qf2 Qb8 43. Qg3 Qxd6 44. Nh5 Qxg3+ 45. Nxg3 Bg7 46. Rc1 Ba2 47. Rc2 Be6 48. Rd2 Bh6 49. Rd1 Bf4 50. Rf1 Nh5 51. Rxf4 Nxf4 52. Be4 Kf8 53. h5 gxh5 54. h4 Ke7 55. Nf1 Kd6 56. Ne3 Bc8 57. Bf3 Bd7 58. Kg3 Ne6 59. d5 Nc7 60. Bxh5 f6 61. Bf3 Be8 62. h5 Bf7 63. h6 Bg6 64. Kf4 Ne8 65. Be4 f5 66. Bxf5 Bxf5 67. Nxf5+ Kxd5 68. h7 1-0

[Event "January 2 Late 2024"]
[Site "https://www.chess.com"]
[Date "2024.01.02"]
[Round "3"]
[White "Avramidou, Anastasia"]
[Black "Ramos Rivera, Jesse James"]
[Result "0-1"]
[Board "131"]
[TimeControl "180+1"]
[WhiteFideId "4239873"]
[BlackFideId "3103250"]
[WhiteElo "2584"]
[BlackElo "2391"]
[WhiteTeam "GRE"]
[BlackTeam "PUR"]
[WhiteClock "0:00:02"]
[BlackClock "0:00:06"]

1. Nf3 Nf6 2. c4 g6 3. Nc3 Bg7 4. e4 c5 5. g3 O-O 6. Bg2 Nc6 7. O-O d6 8. d3 Bg4 9. h3 Bxf3 10. Bxf3 Rb8 11. Bg2 a6 12. a4 Nd7 13. f4 Nd4 14. Kh1 b5 15. cxb5 axb5 16. a5 b4 17. Nd5 e6 18. Ne3 Ra8 19. Nc4 Qc7 20. Be3 Ra7 21. Ra2 Nb8 22. e5 dxe5 23. Nxe5 Nf5 24. Bf2 Bxe5 25. fxe5 Qxe5 26. g4 Ng3+ 27. Bxg3 Qxg3 28. Qc2 Qd6 29. Rc1 Nd7 30. a6 Rxa6 31. Rxa6 Qxa6 32. b3 Qd6 33. Rd1 Rc8 34. d4 Nf6 35. Qe2 cxd4 36. Qf2 e5 37. g5 Nh5 38. Be4 Rc3 39. Rf1 Rxh3+ 40. Kg2 Rg3+ 41. Kh2 Qe6 42. Bg2 Rxg5 43. Bh3 Qe7 44. Qd2 Nf4 45. Rxf4 exf4 46. Qxf4 Qe5 0-1

[Event "January 2 Late 2024"]
[Site "https://www.chess.com"]
[Date "2024.01.02"]
[Round "3"]
[White "Palczert, Matyas"]
[Black "Todev, Simeon"]
[Result "1-0"]
[Board "132"]
[TimeControl "180+1"]
[WhiteFideId "784958"]
[BlackFideId "2925133"]
[WhiteElo "2578"]
[BlackElo "2378"]
[WhiteTeam "HUN"]
[BlackTeam "BUL"]
[WhiteClock "0:00:21"]
[BlackClock "0:00:08"]

1. d4 Nf6 2. Nc3 d5 3. e4 dxe4 4. f3 exf3 5. Nxf3 c5 6. d5 e6 7. Bb5+ Bd7 8. dxe6 fxe6 9. O-O Be7 10. Bxd7+ Qxd7 11. Qe2 O-O 12. Rd1 Qc8 13. Ng5 Nc6 14. Qxe6+ Qxe6 15. Nxe6 Rfc8 16. Bf4 Nb4 17. Nc7 Nh5 18. Be5 Nc6 19. Nxa8 Nxe5 20. Rd5 Bf6 21. Re1 Rxa8 22. Rdxe5 Bxe5 23. Rxe5 Nf4 24. g3 Ng6 25. Rxc5 Rd8 26. Rc7 Rd2 27. Ne4 Rd1+ 28. Kg2 Re1 29. Ng5 h6 30. Nf3 Re2+ 31. Kf1 Re7 32. Rxe7 Nxe7 33. Ke2 Kf7 34. Kd3 Ke6 35. Ke4 Nc6 36. Nd4+ Nxd4 37. Kxd4 Kf5 38. h3 g5 39. c4 h5 40. c5 h4 41. gxh4 gxh4 42. b4 Kf4 43. b5 Kg3 44. c6 1-0

[Event "January 2 Late 2024"]
[Site "https://www.chess.com"]
[Date "2024.01.02"]
[Round "3"]
[White "RemcoSpr"]
[Black "Aggelis, Nikolaos"]
[Result "0-1"]
[Board "133"]
[TimeControl "180+1"]
[BlackFideId "4213220"]
[WhiteElo "2386"]
[BlackElo "2577"]
[BlackTeam "GRE"]
[WhiteClock "0:00:18"]
[BlackClock "0:00:17"]

1. e4 c5 2. Nf3 g6 3. d4 cxd4 4. Nxd4 Bg7 5. Nc3 Nc6 6. Be3 Nf6 7. Bc4 O-O 8. Bb3 e6 9. O-O d5 10. exd5 Nxd5 11. Nxd5 exd5 12. h3 Ne5 13. Qe2 b6 14. Rfd1 Bb7 15. Nf3 Nxf3+ 16. Qxf3 Bxb2 17. Bxd5 Bxd5 18. Rxd5 Qf6 19. Rad1 Qxf3 20. gxf3 Rfc8 21. R1d2 Bc3 22. Re2 Rd8 23. Rxd8+ Rxd8 24. Kg2 Kg7 25. Bf4 Rd5 26. Re4 Ra5 27. a4 Bf6 28. Bb8 h5 29. Rc4 Be5 30. Bxe5+ Rxe5 31. f4 Ra5 32. Kf3 Kf6 33. Ke4 Ke6 34. Rc6+ Kd7 35. Rc4 Kd6 36. Kd4 Rf5 37. Ke4 Rc5 38. Rd4+ Ke6 39. Kd3 Rd5 40. Ke4 Rxd4+ 41. Kxd4 Kf5 42. Ke3 f6 43. Kf3 g5 44. fxg5 fxg5 45. Ke3 g4 46. hxg4+ Kxg4 47. f3+ Kg3 48. f4 Kg4 49. Ke4 h4 50. f5 h3 51. f6 h2 52. f7 h1=Q+ 53. Ke5 Qe1+ 54. Kf6 Qc3+ 55. Ke7 Qc5+ 56. Ke8 Qc6+ 57. Ke7 Qc7+ 58. Ke8 Qe5+ 59. Kd7 Qf6 60. Ke8 Qe6+ 61. Kf8 Kg5 62. Kg7 Qh6+ 63. Kg8 Kg6 64. f8=Q Qh7# 0-1

[Event "January 2 Late 2024"]
[Site "https://www.chess.com"]
[Date "2024.01.02"]
[Round "3"]
[White "AmanteDeMoi"]
[Black "Bregu, Riza"]
[Result "1-0"]
[Board "134"]
[TimeControl "180+1"]
[BlackFideId "4701739"]
[WhiteElo "2574"]
[BlackElo "2375"]
[BlackTeam "ALB"]
[WhiteClock "0:00:08"]
[BlackClock "0:00:00"]

1. Nf3 b6 2. e3 Bb7 3. c4 Nf6 4. b3 g6 5. Bb2 Bg7 6. Be2 O-O 7. O-O d5 8. cxd5 Bxd5 9. Nc3 Bb7 10. d4 Nbd7 11. Qd2 Ne4 12. Nxe4 Bxe4 13. Rfd1 e6 14. Rac1 Rc8 15. Ba6 Bxf3 16. gxf3 Qg5+ 17. Kh1 Qh5 18. Qe2 Rcd8 19. Rxc7 Nf6 20. Rxa7 e5 21. dxe5 Rxd1+ 22. Qxd1 Ne4 23. Qe2 Ng5 24. Bb7 Rd8 25. Bd4 Nh3 26. Ra8 Rxa8 27. Bxa8 b5 28. Qxb5 h6 29. Qe8+ Kh7 30. Kg2 Ng5 31. Qc8 Ne6 32. Qc3 Qg5+ 33. Kf1 Qf5 34. Be4 Qh3+ 35. Ke2 Qxh2 36. a4 h5 37. a5 h4 38. a6 h3 39. a7 Qg1 40. a8=Q h2 41. Qaa1 h1=Q 42. Qxg1 Qxg1 43. Qe1 Qg5 44. f4 Qh5+ 45. Bf3 Qf5 46. Qd1 g5 47. Qd3 Kg6 48. Be4 Nxd4+ 49. exd4 1-0

[Event "January 2 Late 2024"]
[Site "https://www.chess.com"]
[Date "2024.01.02"]
[Round "3"]
[White "Richter, Paul"]
[Black "Khodabandeh, Milad"]
[Result "0-1"]
[Board "136"]
[TimeControl "180+1"]
[WhiteFideId "2046350"]
[BlackFideId "12538620"]
[WhiteElo "2568"]
[BlackElo "2368"]
[WhiteTeam "USA"]
[BlackTeam "IRI"]
[WhiteClock "0:00:06"]
[BlackClock "0:00:26"]

1. e4 e5 2. Nf3 Nc6 3. Bb5 a6 4. Ba4 Nf6 5. d3 b5 6. Bb3 Bc5 7. c3 d6 8. O-O O-O 9. Nbd2 h6 10. Re1 Rb8 11. Nf1 Be6 12. Ng3 Bb6 13. h3 Qd7 14. d4 exd4 15. cxd4 Bxb3 16. axb3 a5 17. Bf4 d5 18. e5 Ne4 19. Nxe4 dxe4 20. Rxe4 Qd5 21. Qe2 f5 22. exf6 Rxf6 23. Be5 Rg6 24. Re1 Rf8 25. Qd3 Nb4 26. Qe2 c6 27. Rg4 Rxg4 28. hxg4 Qxb3 29. Qe4 Qd5 30. Qg6 Qf7 31. Qd6 Rd8 0-1

[Event "January 2 Late 2024"]
[Site "https://www.chess.com"]
[Date "2024.01.02"]
[Round "3"]
[White "CRObliterator"]
[Black "Banerjee, Supratit"]
[Result "1-0"]
[Board "137"]
[TimeControl "180+1"]
[BlackFideId "2410079"]
[WhiteElo "2351"]
[BlackElo "2567"]
[BlackTeam "SCO"]
[WhiteClock "0:00:17"]
[BlackClock "0:00:14"]

1. e4 e6 2. d4 d5 3. Nc3 dxe4 4. Nxe4 Nd7 5. Nf3 Ngf6 6. Bg5 Be7 7. Nc3 O-O 8. g3 b6 9. Bg2 Bb7 10. O-O c5 11. dxc5 Nxc5 12. Qxd8 Raxd8 13. Rad1 h6 14. Be3 Nd5 15. Nxd5 Bxd5 16. b3 Be4 17. Nd4 Bxg2 18. Kxg2 Bf6 19. Nc6 Rxd1 20. Rxd1 Rc8 21. Nxa7 Ra8 22. Bxc5 bxc5 23. Rd7 Kf8 24. Rc7 Bd8 25. Rb7 Bf6 26. a4 g6 27. Rc7 c4 28. Rc8+ Rxc8 29. Nxc8 cxb3 30. cxb3 Bc3 31. Kf3 Bb4 32. Nb6 Ke8 33. Nc4 f6 34. Ke4 Kd7 35. f4 Kc6 36. h3 Be1 37. g4 Bc3 38. f5 exf5+ 39. gxf5 g5 40. Ne3 h5 41. Nd5 Be5 42. b4 h4 43. Ne3 Bd6 44. b5+ Kc5 45. Ng4 Be7 46. Kd3 Bd8 47. Kc3 Ba5+ 48. Kb3 Bd8 49. Nf2 Be7 50. Nd3+ Kb6 51. Kc4 Bd6 52. Nf2 Ka5 53. Kd5 Be7 54. Ke6 Bd8 55. Kd7 Bb6 56. Ng4 Bd4 57. Kc6 Bc3 58. b6 Ka6 59. b7 Ka7 60. Kc7 Ba5+ 61. Kc8 Bc7 62. Kxc7 Ka6 63. b8=Q Ka5 64. Qb5# 1-0

[Event "January 2 Late 2024"]
[Site "https://www.chess.com"]
[Date "2024.01.02"]
[Round "3"]
[White "Lin, Bryan Enming"]
[Black "Gerbelli Neto, Eduardo"]
[Result "0-1"]
[Board "138"]
[TimeControl "180+1"]
[WhiteFideId "30987121"]
[BlackFideId "2103281"]
[WhiteElo "2566"]
[BlackElo "2348"]
[WhiteTeam "USA"]
[BlackTeam "BRA"]
[WhiteClock "0:00:14"]
[BlackClock "0:00:09"]

1. e4 e5 2. Nf3 Nc6 3. Nc3 Nf6 4. a3 d5 5. Bb5 dxe4 6. Nxe5 Bd7 7. Bxc6 Bxc6 8. Nxc6 bxc6 9. O-O Be7 10. Re1 O-O 11. Nxe4 Nxe4 12. Rxe4 Bf6 13. d3 Qd5 14. Qe2 Rab8 15. c3 Rbd8 16. d4 c5 17. dxc5 Qxe4 18. Be3 Qd3 19. Qf3 a5 20. g4 Qc2 21. g5 Qxb2 22. Rf1 Bxc3 23. a4 Bd4 24. Bf4 Bxc5 25. Bxc7 Rd2 26. Bxa5 Bb4 27. Bc7 Qd4 28. Bf4 Rd3 29. Be3 Qd5 30. Qg4 Bd6 31. h4 Qe5 32. Qh3 Re8 33. Qg2 Rxe3 34. fxe3 Qxe3+ 35. Kh1 Qd4 36. Qf2 Qe4+ 37. Kg1 Qg4+ 38. Kh1 Qh3+ 39. Kg1 Qg4+ 40. Kh1 Qe4+ 41. Kg1 Qd5 42. Qf5 Bc5+ 43. Kh2 Re2+ 44. Kg3 Bd6+ 45. Kg4 Rg2+ 46. Kh5 g6+ 47. Kh6 gxf5 48. Re1 Qe6+ 49. Rxe6 fxe6 50. a5 Bc5 51. g6 hxg6 52. h5 Rh2 53. Kxg6 Ba7 54. h6 f4 55. a6 f3 56. Kf6 f2 57. Ke7 f1=Q 58. Kd7 Qf7+ 59. Kd6 Rxh6 60. Ke5 Qf5+ 61. Kd6 Qd5+ 62. Ke7 Rh7+ 63. Kf6 Qf5# 0-1